 Dungeon Crawl Stone Soup version 0.31.0-32-g396128a36d (webtiles) character file.

Game seed: 2727328159436757735

4446 spaghetti the Slicer (level 10, -2/77 (82) HPs)
             Began as a Gnoll Chaos Knight on Mar 14, 2024.
             Was a Plaything of Xom.
             Slain by a death yak (14 damage)
             ... on level 10 of the Dungeon.
             The game lasted 00:08:05 (6246 turns).

spaghetti the Slicer (Gnoll Chaos Knight)           Turns: 6246, Time: 00:08:05

HP:   -2/77 (82)    AC: 19    Str: 12    XL:     10   Next: 37%
MP:   17/18         EV: 13    Int: 14    God:    Xom [....*.]
Gold: 459           SH:  0    Dex: 13    Spells: 16/19 levels left

rFire   . . .        e - +0 demon trident (elec)
rCold   . . .        (no shield)
rNeg    . . .        s - +4 chain mail {ponderous}
rPois   .            (no helmet)
rElec   .            (no cloak)
rCorr   .            k - +2 pair of gloves
SInv    .            (no boots)
Will    .....        (no amulet) Stlth
                     f - ring of wizardry
HPRegen 0.32/turn    h - +5 ring of evasion
MPRegen 0.16/turn

%: wizardry (x1)
@: fugue, drained, slow
A: fangs 1, strong nose, distributed training, iridescent scales 1, teleportitis
1, wild magic 1
a: Renounce Religion


You were on level 10 of the Dungeon.
You worshipped Xom.
You were a beloved toy of Xom.
You visited 1 branch of the dungeon, and saw 8 of its levels.

You collected 459 gold pieces.

Inventory:

Hand Weapons
 a - a +0 heavy short sword
 e - a +0 demon trident of electrocution (weapon)
Missiles
 g - a curare-tipped dart (quivered)
 r - 4 javelins
Armour
 b - a +2 leather armour
 k - a +2 pair of gloves (worn)
 s - a +4 chain mail of ponderousness (worn)
Jewellery
 f - a ring of wizardry (left hand)
 h - a +5 ring of evasion (right hand)
 l - a ring of poison resistance
Wands
 d - a wand of polymorph (11)
 n - a wand of acid (3)
 q - a wand of flame (16)
Scrolls
 c - a scroll of butterflies
 j - 3 scrolls of teleportation
 m - a scroll of immolation
 p - a scroll of amnesia
 t - 3 scrolls of blinking
 u - 2 scrolls of identify
Potions
 i - a potion of enlightenment
 o - 2 potions of curing


   Skills:
 + Level 8.6 Fighting
 + Level 8.6 Short Blades
 + Level 5.4 Long Blades
 + Level 5.4 Axes
 + Level 5.4 Maces & Flails
 + Level 5.4 Polearms
 + Level 5.4 Staves
 + Level 5.4 Ranged Weapons
 + Level 5.4 Throwing
 + Level 7.2 Armour
 + Level 6.0 Dodging
 + Level 5.4 Stealth
 + Level 5.4 Shields
 + Level 5.4 Unarmed Combat
 + Level 5.4 Spellcasting
 + Level 4.4 Conjurations
 + Level 4.4 Hexes
 + Level 4.4 Summonings
 + Level 4.4 Necromancy
 + Level 4.4 Translocations
 + Level 4.4 Fire Magic
 + Level 4.4 Ice Magic
 + Level 4.4 Air Magic
 + Level 4.4 Earth Magic
 + Level 4.4 Alchemy
 + Level 5.9 Invocations
 + Level 5.4 Evocations
 + Level 4.9 Shapeshifting


You had 16 spell levels left.
You knew the following spells:

 Your Spells              Type           Power      Damage    Failure   Level
a - Fugue of the Fallen   Necr           21%        N/A       52%         3

Your spell library contained the following spells:

 Spells                   Type           Power      Damage    Failure   Level
 Necrotise                Necr           84%        1d8       22%         1
 Ensorcelled Hibernation  Hex/Ice        42%        N/A       32%         2
 Gell's Gravitas          Tloc           21%        N/A       52%         3
 Passwall                 Erth           21%        N/A       52%         3
 Swiftness                Air            21%        N/A       52%         3
 Teleport Other           Tloc           21%        N/A       52%         3
 Vampiric Draining        Necr           21%        2d7       52%         3
 Anguish                  Hex/Necr       10%        N/A       88%         4
 Martyr's Knell           Necr/Summ      21%        N/A       88%         4
 Curse of Agony           Necr           21%        N/A       99%         5
 Dispersal                Tloc           10%        N/A       100%        6


Dungeon Overview and Level Annotations

Branches:
Dungeon (10/15)               Orc (0/2) D:9
 Temple: D:4-7         Lair: D:8-11

Altars:
Gozag
Makhleb
Okawaru
Qazlal
Wu Jian
Xom

Shops:
D:3 *:   D:4 (   D:9 =

Annotations:
D:9 Grum


Innate Abilities, Weirdness & Mutations

You have very sharp teeth.
Your uncanny sense of smell can sniff out nearby items.
Your experience applies equally to all skills.
You are partially covered in iridescent scales. (AC +2)
You are occasionally teleported next to monsters.
Your spells are a little harder to cast, but a little more powerful.


Message History

You are too injured to fight recklessly!
You are too injured to fight recklessly!
You are too injured to fight recklessly!
You are too injured to fight recklessly!
Casting: Fugue of the Fallen (dangerous; 52% risk of failure)
Confirm with . or Enter, or press ? or * to list all spells.
You call out to the remnants of the fallen!
The hell rat bites you.
You feel drained.
The death yak snorts and paws the ground.
A yak comes into view.
The river rat closely misses you.
The hell rat bites you but does no damage.
The hell rat closely misses you. The river rat barely misses you.
A death yak comes into view.
The hell rat attacks as it pursues you! The hell rat completely misses you.
The hell rat bites you but does no damage.
A death yak comes into view.
The death yak bellows!
You hear a loud squeak.
A yak comes into view.
The death yak moves out of view.
You closely miss the hell rat. Your bite misses the hell rat.
The hell rat closely misses you.
You barely miss the hell rat. The hell rat bites you.
You hit the hell rat.
The hell rat is moderately wounded.
The hell rat barely misses you.
A rat comes into view.
The death yak gores you!! The hell rat closely misses you.
You open the door. The hell rat barely misses you.
Found 9 gold pieces and a fizzy blue potion.
Found a stone staircase leading down.
The death yak gores you!
* * * LOW HITPOINT WARNING * * *
The death yak gores you.
* * * LOW HITPOINT WARNING * * *
There is an open door here.
There is a stone staircase leading down here.
The death yak gores you!
You die...
Xom cackles wildly!

....... .........
......... .........
#.......# .....
#.......#
.....######........
.....rr.YYY.......
.....rY.#@.......
.#...##Y#........
#...##r#.......#
#Y#..r.rk#....$.!#
#...r...#........
#.......#........
#.......+........
#.#.....#........ #
#.....#


You could see 2 death yaks, a yak, a quokka and a rat.

Vanquished Creatures
  A boulder beetle (D:10)
  A troll (D:9)
  Sigmund (D:2)
  2 yaks (D:8)
  An acid dragon (D:8)
  2 water moccasins
  An orc warrior (D:9)
  3 sky beasts
  A black bear (D:8)
  An ogre (D:4)
  A phantom (D:4)
  3 kobold brigands
  4 bullfrogs
  4 wights (D:8)
  8 killer bees (D:8)
  2 howler monkeys
  A jelly (D:8)
  2 orc priests
  A hound (D:4)
  2 iguanas (D:4)
  2 orc wizards
  A sleepcap (D:7)
  8 adders
  A white imp (D:8)
  3 ribbon worms
  2 dart slugs
  8 orcs
  7 ball pythons
  9 endoplasms
  6 giant cockroaches
  9 hobgoblins
  8 jackals
  25 kobolds
  2 quokkas
  6 bats
  4 frilled lizards
  5 goblins
  6 rats
154 creatures vanquished.

Vanquished Creatures (collateral kills)
  A cyclops (D:7)
  2 centaurs
  An iguana (D:7)
  An endoplasm (D:2)
  2 goblins (D:7)
  A kobold (D:7)
8 creatures vanquished.

Vanquished Creatures (others)
  3 yaks (D:8)
  A wyvern (D:8)
4 creatures vanquished.

Grand Total: 166 creatures vanquished

Notes
Turn   | Place    | Note
-------+----------+-------------------------------------------
     0 | D:1      | spaghetti the Gnoll Chaos Knight began the quest for the
                  | Orb.
     0 | D:1      | Reached XP level 1. HP: 23/23 MP: 1/1
   192 | D:1      | XOM: potion effect (invisibility)
   195 | D:1      | Reached XP level 2. HP: 29/29 MP: 2/2
   395 | D:1      | XOM: 8-stop teleportation journey
   404 | D:1      | Reached XP level 3. HP: 33/35 MP: 3/3
   820 | D:1      | Reached skill level 1 in Invocations
   874 | D:2      | XOM: summons friendly quasit
   882 | D:2      | Reached skill level 1 in Long Blades
   882 | D:2      | Reached skill level 1 in Axes
   882 | D:2      | Reached skill level 1 in Maces & Flails
   882 | D:2      | Reached skill level 1 in Polearms
   882 | D:2      | Reached skill level 1 in Staves
   882 | D:2      | Reached skill level 1 in Ranged Weapons
   882 | D:2      | Reached skill level 1 in Throwing
   882 | D:2      | Reached skill level 1 in Stealth
   882 | D:2      | Reached skill level 1 in Shields
   882 | D:2      | Reached skill level 1 in Unarmed Combat
   882 | D:2      | Reached skill level 1 in Spellcasting
   882 | D:2      | Reached skill level 1 in Evocations
  1000 | D:2      | Reached skill level 1 in Shapeshifting
  1000 | D:2      | Reached XP level 4. HP: 39/41 MP: 5/5
  1302 | D:2      | Learned a level 3 spell: Fugue of the Fallen
  1337 | D:2      | Noticed Sigmund
  1367 | D:2      | Killed Sigmund
  1368 | D:2      | Reached skill level 1 in Conjurations
  1368 | D:2      | Reached skill level 1 in Hexes
  1368 | D:2      | Reached skill level 1 in Summonings
  1368 | D:2      | Reached skill level 1 in Necromancy
  1368 | D:2      | Reached skill level 1 in Translocations
  1368 | D:2      | Reached skill level 1 in Fire Magic
  1368 | D:2      | Reached skill level 1 in Ice Magic
  1368 | D:2      | Reached skill level 1 in Air Magic
  1368 | D:2      | Reached skill level 1 in Earth Magic
  1368 | D:2      | Reached skill level 1 in Alchemy
  1368 | D:2      | Reached XP level 5. HP: 34/47 MP: 4/7
  1368 | D:2      | Reached XP level 6. HP: 38/53 MP: 4/8
  1614 | D:2      | XOM: give mutations
  1614 | D:2      | Gained mutation: Your spells are a little harder to cast,
                  | but a little more powerful. [Xom's grace]
  1614 | D:2      | Gained mutation: You are partially covered in iridescent
                  | scales. (AC +2) [Xom's grace]
  1614 | D:2      | Gained mutation: You are mostly covered in iridescent
                  | scales. (AC +4) [Xom's grace]
  1652 | D:3      | Reached skill level 5 in Armour
  1664 | D:3      | Found Usine's Book Shop.
  1707 | D:3      | Found Doadi's General Store.
  1981 | D:3      | Found a faded altar of an unknown god.
  1985 | D:3      | Found an opulent altar of Gozag.
  2681 | D:4      | Reached XP level 7. HP: 57/60 MP: 10/10
  2694 | D:4      | XOM: enchant monster (bad)
  2857 | D:4      | Found Giobaigo's Weapon Shoppe.
  2948 | D:4      | XOM: 4-stop teleportation journey
  2949 | D:4      | You fall into a shaft and drop 3 floors!
  3030 | D:7      | XOM: stat loss: -1 Dex (12/13)
  3052 | D:7      | XOM: summons friendly white imp
  3062 | D:7      | XOM: fog
  3152 | D:7      | Found an iron altar of Okawaru.
  3173 | D:7      | Found an ornate altar of the Wu Jian Council.
  3228 | D:7      | Reached XP level 8. HP: 64/67 MP: 12/12
  3239 | D:7      | Noticed a cyclops
  3240 | D:7      | XOM: butterfly on damage
  3250 | D:7      | Killed a cyclops
  3576 | D:7      | XOM: polymorph orc wizard -> sky beast
  3694 | D:7      | XOM: silly message
  3874 | D:7      | XOM: give mutations
  3874 | D:7      | Lost mutation: You are mostly covered in iridescent scales.
                  | (AC +4) [Xom's mischief]
  3874 | D:7      | Gained mutation: You are occasionally teleported next to
                  | monsters. [Xom's mischief]
  4101 | D:7      | XOM: cloud trail
  4212 | D:8      | Noticed a yak
  4212 | D:8      | Noticed a yak
  4214 | D:8      | Noticed a yak
  4215 | D:8      | XOM: silly message
  4216 | D:8      | Noticed a yak
  4218 | D:8      | Noticed a yak
  4222 | D:8      | Noticed a wyvern
  4226 | D:8      | XOM: cast spell 'Summon Small Mammal'
  4231 | D:8      | XOM: potion effect (invisibility)
  4232 | D:8      | Killed a yak
  4235 | D:8      | Killed a yak
  4240 | D:8      | Killed a wyvern
  4241 | D:8      | Killed a yak
  4242 | D:8      | Reached XP level 9. HP: 43/73 MP: 13/15
  4243 | D:8      | XOM: enchant monster (good)
  4275 | D:8      | Reached skill level 5 in Dodging
  4317 | D:8      | XOM: noise
  4366 | D:8      | Found a shimmering altar of Xom.
  4379 | D:8      | Identified the +8 trident of Watchfulness {flame, Int+2}
  4380 | D:8      | XOM: potion effect (invisibility)
  4387 | D:8      | XOM: enchant monster (good)
  4446 | D:8      | Found a burning altar of Makhleb.
  4571 | D:8      | Reached skill level 5 in Invocations
  4641 | D:8      | XOM: 3-stop teleportation journey
  4647 | D:8      | XOM: confuse monster(s)
  4745 | D:8      | XOM: silly message
  4850 | D:8      | XOM: cast spell 'Leda's Liquefaction'
  4853 | D:8      | XOM: noise
  4855 | D:8      | XOM: stat loss: -1 Str (11/12)
  4862 | D:8      | Reached skill level 5 in Long Blades
  4862 | D:8      | Reached skill level 5 in Axes
  4862 | D:8      | Reached skill level 5 in Maces & Flails
  4862 | D:8      | Reached skill level 5 in Polearms
  4862 | D:8      | Reached skill level 5 in Staves
  4862 | D:8      | Reached skill level 5 in Ranged Weapons
  4862 | D:8      | Reached skill level 5 in Throwing
  4862 | D:8      | Reached skill level 5 in Stealth
  4862 | D:8      | Reached skill level 5 in Shields
  4862 | D:8      | Reached skill level 5 in Unarmed Combat
  4862 | D:8      | Reached skill level 5 in Spellcasting
  4862 | D:8      | Reached skill level 5 in Evocations
  4862 | D:8      | Reached XP level 10. HP: 49/81 MP: 14/17
  5015 | D:8      | XOM: cloud trail
  5347 | D:8      | Found a stormy altar of Qazlal.
  5363 | D:8      | XOM: god gift: 3 scrolls of blinking
  5590 | D:8      | XOM: silly message
  5670 | D:9      | Found Heepir's Jewellery Emporium.
  5689 | D:9      | XOM: noise
  5713 | D:9      | XOM: cast spell 'Discord'
  5790 | D:9      | Found a staircase to the Orcish Mines.
  5802 | D:9      | XOM: noise
  5803 | D:9      | XOM: enchant monster (good)
  5864 | D:9      | Noticed Grum
  5873 | D:9      | XOM: fog
  5881 | D:9      | XOM: summons 6 hostile demons
  5888 | D:10     | Entered Level 10 of the Dungeon
  6026 | D:10     | Noticed a boulder beetle
  6026 | D:10     | XOM: 1-stop teleportation journey
  6038 | D:10     | XOM: enchant monster (good)
  6051 | D:10     | Killed a boulder beetle
  6142 | D:10     | XOM: god gift: wand of acid (3)
  6188 | D:10     | Found a faded altar of an unknown god.
  6225 | D:10     | Noticed a death yak
  6236 | D:10     | Noticed a death yak
  6238 | D:10     | Noticed a death yak
  6246 | D:10     | Slain by a death yak

Illustrated notes

Levels and vault maps discovered:
D:1:      dpeg_arrival_leaves_temple_mockup, layout_basic, minmay_statues_item,
          minmay_tree_intersection
D:2:      layout_loops_ring, hangedman_feature_mirror, uniq_crazy_yiuf_cottage,
          uniq_sigmund
D:3:      minmay_recursive_quarters, layout_basic,
          nicolae_overflow_ecumenical_swirl, serial_shops, nicolae_shop_crystal,
          shop, hangedman_decor_lopped
D:4:      layout_basic, elyvilon_altar_3, serial_shops, shop, uniq_menkaure
D:7:      layout_basic, kennysheep_okawaru_gauntlet,
          mainiacjoe_overflow_concentric_impassable
D:8:      layout_cave_pods, nicolae_qazlal_scattered_showers,
          hangedman_feature_mirror, minmay_misc_feat_nine_boxes
D:9:      layout_cave_pools, orc_0_dummy, serial_shops,
          nicolae_shop_gaudy_bauble, lightli_wizard_tower, uniq_grum
D:10:     layout_stronghold, fiery_altar_vehumet, mainiacjoe_overflow_catwalk,
          dpeg_lair_monsters, enter_bailey_3, serial_shops, shop,
          serial_column_ruins, column_ruins_temple_circle,
          column_ruins_open_small, column_ruins_corridor_dead_end,
          column_ruins_grid_1, column_ruins_grid_1, column_ruins_columns_corner,
          column_ruins_open_tiny_water, ebering_dispersal_statue_hall,
          evilmike_minifort, uniq_sonja

Skill      XL: |  1  2  3  4  5  6  7  8  9 10 |
---------------+-------------------------------+-----
Invocations    | 1 2 3 4 5 |  5.9
Long Blades    | 1 2 3 4 5 |  5.4
Axes           | 1 2 3 4 5 |  5.4
Maces & Flails | 1 2 3 4 5 |  5.4
Polearms       | 1 2 3 4 5 |  5.4
Staves         | 1 2 3 4 5 |  5.4
Ranged Weapons | 1 2 3 4 5 |  5.4
Throwing       | 1 2 3 4 5 |  5.4
Stealth        | 1 2 3 4 5 |  5.4
Shields        | 1 2 3 4 5 |  5.4
Unarmed Combat | 1 2 3 4 5 |  5.4
Spellcasting   | 1 2 3 4 5 |  5.4
Evocations     | 1 2 3 4 5 |  5.4
Shapeshifting  | 1 2 3 4 |  4.9
Dodging        | 3 4 5 6 |  6.0
Conjurations   | 1 2 3 4 |  4.4
Hexes          | 1 2 3 4 |  4.4
Summonings     | 1 2 3 4 |  4.4
Necromancy     | 1 2 3 4 |  4.4
Translocations | 1 2 3 4 |  4.4
Fire Magic     | 1 2 3 4 |  4.4
Ice Magic      | 1 2 3 4 |  4.4
Air Magic      | 1 2 3 4 |  4.4
Earth Magic    | 1 2 3 4 |  4.4
Alchemy        | 1 2 3 4 |  4.4
Armour         | 5 6 7 |  7.2
Fighting       | 7 8 |  8.6
Short Blades   | 7 8 |  8.6

Action                     |  1- 3 |  4- 6 |  7- 9 | 10-12 || total
---------------------------+-------+-------+-------+-------++-------
  Melee: Short sword       |   133 |   166 |   124 |       ||   423
         Bite              |    13 |    17 |    27 |    11 ||    68
         Punch             |     2 |     4 |     3 |     6 ||    15
         Demon trident     |       |       |   178 |    74 ||   252
  Throw: Dart              |       |     3 |     6 |     1 ||    10
   Cast: Fugue of the Fall |       |       |     6 |     1 ||     7
  Evoke: Wand              |       |       |     1 |       ||     1
    Use: Scroll            |       |     6 |     5 |     2 ||    13
         Potion            |       |     5 |     3 |     1 ||     9
   Stab: Invisible         |     3 |       |     9 |       ||    12
         Sleeping          |     1 |     4 |       |       ||     5
         Distracted        |       |     1 |       |       ||     1
         Confused          |       |       |     1 |       ||     1
         Paralysed         |       |       |       |     5 ||     5
         Petrified         |       |       |       |     1 ||     1
 Armour: Leather armour    |    30 |    60 |   152 |     1 ||   243
         Chain mail        |       |       |       |    73 ||    73
  Dodge: Dodged            |    78 |   119 |   334 |    81 ||   612
